Map: [ESL] Hard Lead

Players

Cham

  • Race: Zerg Zerg
  • Spawn Location: 11:00

MaSa - Winner!

  • Race: Terran Terran
  • Spawn Location: 5:00

Event: ESL SC2 Masters 2023 Winter (Regional)

VOD

Have the link to the VOD?

Description

Time

  • Played on: Nov. 2, 2023, 2:27 p.m.
  • Length: 17:02

All games in this series

Show
View Real Time Build Order
Export as new Build Order

Cham Zerg 

Build Orders: Hatch First 

Get SALT Encoding   

  12  0:00  Drone  
  13  0:12  Overlord  
  13  0:17  Drone  
  14  0:30  Drone x2  
  16  0:48  Hatchery  
  15  0:50  Drone  
  15  0:54  Drone  
  17  1:08  Spawning Pool  
  17  1:10  Drone  
  17  1:12  Extractor  
  17  1:15  Drone  
  17  1:19  Drone  
  18  1:28  Drone  
  19  1:52  Overlord  
  19  1:55  Queen  
  19  1:57  Zergling x2  
  22  2:01  Queen  
  22  2:02  Zergling x2  
  22  2:04  Overlord  
  25  2:13  Metabolic Boost  
  25  2:30  Drone x2  
  25  2:35  Queen  
  28  2:37  Queen  
  28  2:44  Zergling x6  
  32  2:50  Baneling Nest  
  32  2:54  Zergling x2  
  33  3:01  Zergling x4  
  35  3:09  Zergling x6  
  38  3:18  Zergling x6  
  41  3:28  Overlord  
  41  3:29  Zergling x2  
  41  3:42  Baneling x2  
  41  3:43  Baneling x3  
  41  3:44  Baneling x2  
  41  3:45  Drone  
  41  3:46  Drone  
  43  3:49  Drone  
  43  3:51  Drone  
  45  4:00  Zergling x4  
  45  4:01  Zergling x2  
  43  4:14  Zergling x2  
  43  4:15  Zergling x6  
  43  4:16  Zergling x4  
  48  4:19  Drone  
  46  4:25  Drone x2  
  46  4:26  Drone  
  46  4:28  Drone  
  46  4:33  Drone x2  
  46  4:37  Drone  
  49  4:39  Drone  
  49  4:42  Drone  
  51  4:49  Drone  
  52  5:04  Hatchery  
  52  5:06  Drone x2, Evolution Chamber  
  52  5:07  Evolution Chamber  
  52  5:09  Drone  
  52  5:16  Overlord x2  
  52  5:21  Overlord  
  52  5:23  Overlord  
  52  5:29  Overlord  
  52  5:32  Zerg Ground Armor Level 1  
  52  5:34  Zerg Melee Weapons Level 1  
  52  5:35  Drone  
  52  5:37  Drone  
  52  5:38  Drone  
  52  5:41  Drone  
  52  5:42  Drone  
  57  5:43  Drone  
  57  5:45  Drone  
  57  5:46  Drone  
  57  5:49  Drone x2  
  62  5:57  Drone  
  62  5:59  Drone x2  
  62  6:00  Drone  
  62  6:01  Drone x3  
  69  6:11  Zergling x4, Extractor  
  68  6:13  Lair  
  70  6:19  Zergling x2  
  70  6:24  Drone x2  
  73  6:27  Drone  
  73  6:28  Drone  
  73  6:30  Drone, Overlord  
  73  6:31  Zergling x4, Hatchery  
  73  6:32  Zergling x2  
  78  6:40  Overlord  
  78  6:41  Drone  
  78  6:44  Extractor  
  78  6:46  Extractor  
  77  6:48  Zergling x2  
  77  6:49  Zergling x8  
  81  6:55  Zergling x6  
  81  6:59  Zergling x6  
  80  7:10  Hatchery  
  78  7:15  Zergling x4  
  78  7:16  Zergling x10  
  78  7:19  Drone x3, Centrifugal Hooks  
  78  7:22  Overlord  
  87  7:26  Zergling x8  
  87  7:27  Baneling x4  
  91  7:30  Overlord  
  91  7:33  Hatchery  
  91  7:35  Zergling x2  
  90  7:39  Drone  
  90  7:40  Drone  
  90  7:41  Roach Warren  
  91  7:45  Drone  
  91  7:48  Drone x7  
  99  7:52  Baneling x5  
  99  7:53  Overlord  
  99  7:56  Overlord  
  99  7:57  Drone x2  
  101  7:59  Drone  
  101  8:00  Overlord  
  101  8:04  Drone  
  103  8:11  Overlord  
  102  8:20  Drone x3  
  102  8:21  Drone, Overlord, Hatchery  
  102  8:22  Roach x3  
  102  8:23  Glial Reconstitution, Roach x4  
  118  8:29  Roach  
  117  8:34  Zergling x4  
  117  8:35  Baneling  
  117  8:36  Baneling x8  
  117  8:41  Zergling x2  
  120  8:44  Zergling x4  
  120  8:45  Zergling x6  
  122  8:50  Queen x3  
  122  8:53  Zergling x8  
  129  8:58  Zergling x2  
  130  9:05  Zergling x12  
  130  9:08  Ravager x2  
  130  9:09  Baneling x2  
  132  9:19  Zergling x2  
  132  9:20  Zergling x18  
  137  9:24  Zergling x4  
  137  9:29  Zergling x2  
  140  9:31  Zergling x2  
  140  9:36  Zergling x6  
  144  9:40  Zergling x2, Queen  
  144  9:42  Baneling  
  144  9:43  Baneling x3  
  144  9:44  Baneling x3  
  147  9:47  Zergling x12  
  145  9:55  Zergling x14  
  145  9:57  Baneling  
  145  9:58  Baneling x7  
  150  10:00  Overlord  
  150  10:01  Ravager  
  150  10:02  Zergling x2, Ravager  
  150  10:03  Zergling x6  
  155  10:07  Zergling x4  
  137  10:15  Zergling x2  
  137  10:16  Zergling x10  
  137  10:19  Drone x4  
  137  10:20  Overlord  
  142  10:26  Zergling x2  
  142  10:27  Zergling x2  
  138  10:30  Ravager x2  
  138  10:31  Baneling x6  
  138  10:32  Zergling x12  
  146  10:36  Zergling x2  
  146  10:37  Baneling x5  
  147  10:44  Zergling x8  
  147  10:45  Zergling x6, Queen  
  147  10:49  Drone x5, Hatchery  
  153  10:50  Extractor  
  153  10:51  Extractor  
  153  10:53  Drone x2  
  144  11:04  Drone x4  
  144  11:05  Overlord  
  144  11:08  Zergling x12  
  144  11:09  Zergling x2  
  144  11:10  Baneling x3  
  154  11:12  Baneling  
  154  11:13  Baneling x4  
  154  11:15  Zergling x6  
  154  11:16  Zergling x14, Infestation Pit  
  164  11:21  Baneling x3, Hatchery  
  164  11:22  Baneling x4  
  164  11:23  Zergling x8  
  167  11:26  Drone  
  167  11:27  Drone  
  167  11:29  Overlord  
  169  11:33  Zergling x4  
  169  11:36  Drone  
  172  11:40  Overlord  
  172  11:41  Baneling x4  
  172  11:46  Zergling x2  
  172  11:47  Zergling x22  
  182  11:50  Roach x2  
  182  11:52  Zerg Ground Armor Level 2  
  188  11:56  Zerg Melee Weapons Level 2  
  188  11:59  Drone x3  
  188  12:00  Drone  
  191  12:02  Baneling  
  191  12:03  Baneling x3  
  191  12:08  Drone x5  
  193  12:10  Zergling x4  
  193  12:11  Zergling x6  
  193  12:12  Zergling x2  
  194  12:28  Zergling x2  
  194  12:29  Zergling x10  
  200  12:33  Hive, Overlord x2  
  200  12:36  Zergling x2  
  200  12:40  Overlord  
  200  12:42  Overlord  
  200  12:44  Baneling x8  
  197  12:45  Overseer  
  198  12:51  Zergling x6  
  193  13:15  Queen  
  191  13:20  Baneling x10  
  191  13:21  Baneling x3  
  191  13:22  Zergling x16  
  191  13:25  Spire  
  199  13:28  Drone  
  199  13:37  Baneling x3  
  199  13:38  Baneling  
  199  13:40  Baneling x4  
  199  13:41  Baneling x6  
  199  13:42  Hatchery  
  199  13:44  Baneling x3  
  191  13:56  Zergling x22  
  172  14:16  Zergling x20  
  168  14:24  Drone x7  
  168  14:25  Drone x2  
  168  14:30  Adrenal Glands  
  177  14:31  Ultralisk Cavern  
  177  14:32  Drone x4  
  177  14:33  Drone  
  177  14:35  Extractor  
  177  14:36  Extractor  
  179  14:41  Drone, Spore Crawler  
  179  14:42  Drone, Spore Crawler, Spine Crawler  
  179  14:44  Baneling  
  179  14:45  Baneling x2  
  177  14:46  Zergling x6  
  152  15:00  Zergling x2  
  152  15:01  Zergling x14  
  155  15:08  Zergling x2  
  155  15:09  Zergling x8  
  145  15:23  Zergling x18  
  145  15:27  Baneling x2  
  145  15:28  Baneling x7  
  152  15:29  Queen  
  152  15:34  Zergling x8  
  156  15:40  Baneling x6  
  156  15:41  Baneling  
  143  15:44  Ultralisk x2  
  143  15:45  Zergling x6  
  155  15:50  Zergling x2  
  155  15:51  Zergling x6  
  155  15:54  Baneling x3  
  155  15:55  Zergling x2  
  160  15:59  Zergling x12  
  160  16:00  Zergling x6  
  160  16:01  Baneling x3  
  160  16:02  Baneling x6  
  169  16:04  Baneling x2  
  169  16:05  Baneling  
  169  16:08  Zergling x2  
  169  16:09  Zergling x4  
  170  16:13  Ultralisk Cavern  
  170  16:14  Baneling x2  
  155  16:21  Baneling Nest  
  155  16:22  Zergling x12  
  114  16:37  Zergling x2  
  114  16:38  Zergling x2  
  114  16:39  Zergling x8  
  108  16:40  Zergling x2  
  108  16:41  Zergling x2  
  108  16:44  Zergling x2  
Show
View Real Time Build Order
Export as new Build Order

MaSa Terran - Winner!

Build Orders:  

Get SALT Encoding   

  12  0:00  SCV  
  13  0:12  SCV  
  14  0:17  Supply Depot  
  14  0:24  SCV  
  15  0:39  SCV  
  15  0:40  Barracks  
  16  0:44  Refinery  
  16  0:51  SCV  
  17  0:59  Barracks  
  17  1:03  SCV  
  18  1:15  SCV  
  19  1:27  Orbital Command, Reaper  
  19  1:32  Supply Depot  
  20  1:44  Bunker  
  20  1:46  Reaper  
  21  1:54  SCV  
  22  2:03  Reaper  
  22  2:07  SCV  
  24  2:20  Command Center  
  24  2:24  Marine  
  24  2:25  SCV  
  26  2:37  Marine  
  26  2:38  SCV  
  28  2:48  Barracks Reactor  
  28  2:50  SCV  
  28  3:00  Barracks Tech Lab  
  28  3:02  SCV  
  29  3:06  Command Center  
  29  3:11  Factory  
  29  3:17  SCV  
  30  3:20  Refinery  
  30  3:29  SCV  
  30  3:31  Marine x2  
  32  3:37  Orbital Command  
  32  3:38  Marine  
  32  3:45  Stimpack  
  32  3:46  SCV  
  33  3:50  Bunker  
  33  3:51  Marine x2  
  35  3:58  SCV  
  35  4:00  Marauder  
  35  4:02  SCV  
  37  4:10  Cyclone  
  35  4:20  Supply Depot  
  28  4:24  SCV  
  28  4:26  SCV  
  29  4:33  Orbital Command  
  29  4:37  Marine  
  29  4:45  SCV  
  32  4:46  SCV  
  32  4:49  Marine  
  32  4:51  Marine  
  35  4:55  Marine  
  35  4:57  SCV  
  35  5:00  Factory Reactor  
  35  5:01  Starport  
  35  5:03  SCV  
  36  5:07  Marine  
  36  5:08  SCV  
  36  5:09  Marine  
  36  5:12  SCV  
  36  5:13  Marine  
  41  5:15  SCV  
  41  5:21  Barracks  
  42  5:22  SCV  
  42  5:25  SCV  
  42  5:27  SCV  
  42  5:28  Marine  
  45  5:30  Marine  
  45  5:34  SCV  
  47  5:37  SCV  
  47  5:38  Supply Depot  
  48  5:43  Medivac x2  
  48  5:44  SCV  
  53  5:51  SCV  
  53  5:52  Combat Shield, Factory Tech Lab, SCV  
  53  5:54  Marine  
  53  5:55  Marine  
  57  5:57  Marine  
  57  5:59  SCV  
  57  6:02  Refinery  
  57  6:03  SCV  
  60  6:05  Refinery  
  60  6:06  SCV  
  61  6:11  SCV  
  61  6:14  Supply Depot  
  61  6:15  SCV  
  61  6:16  Barracks Reactor  
  61  6:18  SCV  
  64  6:24  SCV  
  65  6:27  SCV  
  65  6:30  SCV  
  65  6:31  Barracks, Marine x2  
  65  6:32  Barracks  
  69  6:35  Marine  
  69  6:36  SCV  
  69  6:39  Siege Tank  
  74  6:46  Medivac  
  76  6:48  SCV  
  77  6:54  SCV x2  
  77  6:57  Marine x2  
  77  6:58  Marine x3  
  77  7:04  Supply Depot  
  77  7:10  SCV  
  77  7:18  Siege Tank, Marine x5, Engineering Bay  
  77  7:19  Engineering Bay  
  85  7:25  Liberator x2  
  85  7:26  SCV  
  85  7:29  SCV  
  93  7:34  Orbital Command  
  93  7:41  Supply Depot  
  93  7:42  Barracks Reactor  
  93  7:47  Barracks Reactor  
  93  7:49  Supply Depot  
  93  8:03  Marauder, SCV, Marine x4  
  100  8:07  SCV x2  
  100  8:11  Siege Tank  
  100  8:12  Terran Infantry Weapons Level 1, Terran Infantry Armor Level 1  
  104  8:15  SCV  
  104  8:19  Marine  
  101  8:20  Marine  
  101  8:21  Marine  
  101  8:25  Marine x3, Marauder  
  109  8:47  Supply Depot  
  109  8:48  Marine, Supply Depot x2  
  109  8:52  SCV  
  109  8:53  SCV x2  
  109  8:54  Marine x2  
  109  9:00  Marine  
  109  9:08  Marine x2  
  109  9:09  Siege Tank, SCV, Marauder  
  118  9:10  Armory, SCV  
  118  9:11  Supply Depot  
  118  9:20  SCV  
  113  9:26  SCV x2  
  113  9:29  Marine x3  
  113  9:30  Marauder  
  120  9:31  Command Center  
  120  9:36  SCV  
  120  9:37  Marine x4  
  124  9:38  SCV  
  124  9:41  Siege Tank  
  128  9:45  Marine  
  128  9:46  Marine  
  128  9:47  Marine  
  128  9:50  Barracks x2  
  112  9:53  SCV x3  
  112  9:58  Command Center  
  114  10:05  SCV x3  
  117  10:13  Siege Tank  
  99  10:17  SCV x3  
  99  10:19  Medivac  
  91  10:24  Terran Infantry Weapons Level 2  
  89  10:29  Medivac  
  89  10:32  SCV x3  
  94  10:37  Terran Infantry Armor Level 2  
  94  10:44  SCV x3  
  94  10:47  Marine x2  
  99  10:53  Medivac  
  99  10:56  SCV x3  
  104  10:58  Liberator  
  96  11:06  Marauder  
  96  11:08  SCV x2  
  96  11:09  SCV  
  101  11:14  Siege Tank  
  101  11:16  Marine x2  
  106  11:20  SCV x2  
  106  11:23  Medivac  
  110  11:27  Bunker, Refinery  
  110  11:28  SCV  
  110  11:29  Marine x2  
  110  11:30  Marine x2  
  110  11:32  SCV  
  116  11:41  Liberator, Marine  
  116  11:42  Marauder, Marine x2  
  116  11:43  SCV  
  125  11:49  Barracks Reactor, Barracks Tech Lab  
  125  11:52  SCV x2  
  125  11:53  Medivac  
  129  11:55  Marine, Refinery  
  129  11:59  Concussive Shells  
  130  12:03  Marauder  
  130  12:05  Siege Tank  
  135  12:11  Marauder, Marine x3  
  140  12:15  SCV  
  140  12:16  Marine x5, SCV  
  147  12:23  Medivac  
  147  12:25  Marauder  
  147  12:28  Marine  
  147  12:29  Terran Vehicle Weapons Level 1, Marine  
  153  12:30  SCV  
  153  12:33  Marine x2, Marauder  
  153  12:34  Liberator  
  153  12:43  SCV  
  154  12:44  SCV  
  155  12:55  Supply Depot  
  155  12:56  Marine  
  155  12:57  Supply Depot  
  156  13:04  Marine  
  156  13:05  Marine  
  156  13:06  Marauder  
  156  13:07  Liberator, Marauder  
  148  13:14  Planetary Fortress  
  148  13:15  Marine, SCV x2  
  148  13:16  Marine  
  148  13:17  Siege Tank, Liberator, Marine x3  
  159  13:21  Marine x3  
  159  13:22  Marine  
  159  13:25  SCV  
  159  13:26  Marine  
  167  13:27  SCV x2, Marauder  
  167  13:28  Marauder  
  167  13:33  Marine  
  167  13:34  Marine  
  172  13:38  Supply Depot  
  172  13:40  Supply Depot  
  172  13:41  Supply Depot  
  172  13:47  Terran Infantry Armor Level 3  
  172  13:57  SCV  
  172  14:00  Marauder x2, Medivac, Marine, SCV  
  172  14:02  Siege Tank, Medivac  
  185  14:09  SCV  
  179  14:11  Marine x4  
  179  14:13  SCV x2  
  179  14:15  Marine x2  
  187  14:17  Marine  
  187  14:24  Marauder, Marine  
  188  14:40  Sensor Tower  
  188  14:43  Marine  
  188  14:48  Marine  
  188  14:50  Marine x2  
  188  14:52  Marauder  
  188  15:08  Marine  
  188  15:09  Marauder  
  188  15:16  Liberator, Marine  
  188  15:17  Marine  
  188  15:18  Marine x3  
  188  15:19  Marauder, Marine x4  
  186  15:21  Siege Tank  
  186  15:23  Liberator  
  184  15:30  Marauder  
  186  15:36  Marine  
  186  15:38  Marine x2  
  173  15:42  Supply Depot  
  173  15:43  Supply Depot x2  
  173  15:44  Supply Depot  
  173  15:49  Command Center  
  172  16:04  Marine  
  172  16:05  Liberator, Marine x2  
  172  16:06  Marine, Marauder  
  181  16:17  Marine  
  181  16:18  Marine  
  181  16:19  Marine  
  181  16:20  Marauder  
  181  16:25  Marine  
  174  16:27  Marauder  
  148  16:36  Marine x4  
Tags
 
Add a new tag
Caveats
  • Supply blocks, unpowered buildings, or Contaminate may cause inaccurate times.
  • Supply counts are checked every 10 seconds.